 Dungeon Crawl Stone Soup version 0.18-a0-1225-g5d63bca (webtiles) character file.

69 Duffy the Vexing (level 4, 21/21 HPs)
             Began as a Spriggan Enchanter on Feb 3, 2016.
             Was a Follower of Trog.
             Quit the game on level 3 of the Dungeon.
             The game lasted 00:03:12 (2445 turns).

Duffy the Vexing (Spriggan Enchanter)               Turns: 2445, Time: 00:03:12

Health: 21/21      AC:  3    Str:  4    XL:     4   Next: 2%
Magic:  11/11      EV: 18    Int: 17    God:    Trog [*.....]
Gold:   123        SH:  0    Dex: 19    Spells: 4 memorised, 2 levels left

rFire  . . .     SeeInvis +     a - +1 dagger
rCold  . . .     Gourm    .     b - +1 robe
rNeg   . . .     Faith    .     (shield restricted)
rPois  .         Spirit   .     (helmet restricted)
rElec  .         Dismiss  .     (no cloak)
rCorr  .         Reflect  .     (gloves unavailable)
SustAt .         Harm     .     (boots unavailable)
MR     .....                    (no amulet)
Stlth  +++.......               (no ring)
                                i - +3 ring of dexterity

@: very quick, not resistant to hostile enchantments, fairly stealthy
A: unfitting armour, see invisible, herbivore 3, speed 3, slow metabolism 2
a: Berserk, Burn Spellbooks, Renounce Religion


You were on level 3 of the Dungeon.
You worshipped Trog.
Trog was aware of your devotion.
You were not hungry.

You visited 1 branch of the dungeon, and saw 3 of its levels.

You collected 123 gold pieces.


Innate Abilities, Weirdness & Mutations

You are tiny and cannot use many weapons and most armour.
You have supernaturally acute eyesight.
You are a herbivore.
You cover ground extremely quickly.
You need consume almost no food.


   Skills:
 + Level 0.0 Fighting
 - Level 2.0 Short Blades
 - Level 3.0 Dodging
 - Level 4.4 Stealth
 - Level 4.2 Spellcasting
 - Level 4.5 Hexes


You had 2 spell levels left.
You knew the following spells:

 Your Spells              Type           Power        Failure   Level  Hunger
a - Ensorcelled Hibernat  Hex/Ice        ##....       12%         2    ##.....
c - Confuse               Hex            ###.....     10%         3    ###....
l - Tukima's Dance        Hex            ###.....     10%         3    ###....
r - Corona                Hex            ###....      2%          1    None

Inventory:

Hand Weapons
 a - a +1 dagger (weapon)
Armour
 b - a +1 robe (worn)
Jewellery
 i - a +3 ring of dexterity (left hand)
Wands
 j - a wand of iceblast (9/15)
Scrolls
 e - a scroll of identify {unknown}
 f - 4 scrolls of remove curse {unknown}
 k - a scroll of magic mapping {unknown}
 l - a scroll of enchant weapon {unknown}
 m - a scroll of teleportation {unknown}
Potions
 g - 2 potions of cancellation {unknown}
 h - 2 potions of magic {unknown}
Books
 c - a book of Maledictions
Comestibles
 d - a bread ration

Dungeon Overview and Level Annotations

Branches:
Dungeon (3/15)

Altars:
Elyvilon
Trog


Message History

You kill the goblin!
No target in view!
No target in view!
No target in view!
No target in view!
No target in view!
No target in view!
No target in view!
No target in view!
No target in view!
No target in view!
No target in view!
No target in view!
No target in view!
No target in view!
No target in view!
f - 3 scrolls labeled CUTHRO MOCSO (gained 1)
Found 10 gold pieces.
Things that are here:
a club; a goblin corpse You now have 107 gold pieces (gained 10).
m - a scroll labeled HIT MIAWIUWI
Found a faded altar to an unknown god.
f - 4 scrolls labeled CUTHRO MOCSO (gained 1)
There is a faded altar to an unknown god here.
g - 2 emerald potions (gained 1)
You now have 123 gold pieces (gained 16).
Found a stone staircase leading up.
There is a faded altar to an unknown god here.
This altar will convert you to a god.
You cannot discern which.
Do you pray? Trog accepts your prayer! Trog welcomes you!
You can now call upon Trog to burn spellbooks in your surroundings.
You can now go berserk at will.
Are you sure you want to abandon this character and quit the game? (Confirm with "yes".)

......##..(#.####
########...#....#
#...####.# #...#
#.## ######...#
#..## .........#
##...## #........#
#.....# .........#
#..#..#
#######..###.#@#.#
#.....%.......#..#
#..####..##......#
#..# #..##.##.###
##..####..##.##.#
#.........#.....##
#..(........#....#
#..####...#...##.#
#..#
.....###.######.#


There were no monsters in sight!

Action                   |  1- 3 |  4- 6 || total
-------------------------+-------+-------++-------
Melee: Dagger            |   244 |     5 ||   249
 Cast: Ensorcelled Hiber |     3 |       ||     3
 Stab: Sleeping          |    16 |       ||    16

Notes
Turn   | Place    | Note
--------------------------------------------------------------
     0 | D:1      | Duffy the Spriggan Enchanter began the quest for the Orb.
     0 | D:1      | Reached XP level 1. HP: 9/9 MP: 5/5
    60 | D:1      | Reached skill level 3 in Spellcasting
   402 | D:1      | Reached XP level 2. HP: 13/13 MP: 7/7
   406 | D:1      | Learned a level 2 spell: Ensorcelled Hibernation
   819 | D:1      | Reached skill level 2 in Short Blades
  1441 | D:2      | Reached XP level 3. HP: 16/16 MP: 9/9
  1446 | D:2      | Learned a level 3 spell: Confuse
  1450 | D:2      | Learned a level 3 spell: Tukima's Dance
  1552 | D:2      | Reached skill level 4 in Hexes
  1706 | D:2      | Found a white marble altar of Elyvilon.
  2039 | D:2      | Reached skill level 4 in Spellcasting
  2331 | D:3      | Reached XP level 4. HP: 19/21 MP: 11/11
  2414 | D:3      | Found a faded altar to an unknown god.
  2445 | D:3      | Became a worshipper of Trog the Wrathful
  2445 | D:3      | Reached * piety under Trog
  2445 | D:3      | Quit the game

Vault maps used:
D:1:      saegor_arrival_simple_d
D:2:      wad_river_or_something, serial_forest, infiniplex_forest_lined_3,
          infiniplex_forest_straight_2, infiniplex_forest_clump_diagonal,
          infiniplex_forest_clump_medium, infiniplex_forest_lined_1,
          infiniplex_forest_straight_3, infiniplex_forest_lined_ring,
          infiniplex_forest_lined_room_2, infiniplex_forest_clump_small,
          elyvilon_altar_3
D:3:      ecumenical_altar_1

Vanquished Creatures
  An ooze
  2 worms
  2 giant geckos
  An orc
  3 giant cockroaches
  8 goblins
  5 hobgoblins
  6 jackals
  A ball python
  10 bats
  4 giant newts
  5 kobolds
  5 rats
53 creatures vanquished.
